 Dungeon Crawl Stone Soup version 0.30.1-11-g7821555f0a (webtiles) character file.

Game seed: 17405979976050360492

5397 Wiggles the Cleaver (level 10, -2/90 HPs)
             Began as a Minotaur Berserker on Dec 7, 2023.
             Was an Elder of Trog.
             Slain by Erica
             ... wielding a +2 scimitar of flaming
              (5 damage)
             ... on level 9 of the Dungeon.
             The game lasted 00:11:37 (8044 turns).

Wiggles the Cleaver (Minotaur Berserker)            Turns: 8044, Time: 00:11:38

Health: -2/90      AC: 17    Str: 26    XL:     10   Next: 40%
Magic:  9/9        EV: 10    Int:  4    God:    Trog [****..]
Gold:   524        SH:  0    Dex: 10    Spells: 9/9 levels left

rFire   . . .        c - +2 executioner's axe (elec)
rCold   . . .        (shield currently unavailable)
rNeg    . . .        w - +0 chain mail
rPois   .            j - +0 hat
rElec   .            A - +0 cloak
rCorr   .            n - +1 pair of gloves
SInv    .            a - +0 pair of boots
Will    .....        (no amulet) Stlth
                     (no ring)
HPRegen 0.35/turn    (no ring)
MPRegen 0.11/turn

%: no passive effects
@: on berserk cooldown, slowed, very slow
A: horns 2, retaliatory headbutt
a: Renounce Religion, Berserk, Trog's Hand, Brothers in Arms


You were on level 9 of the Dungeon.
You worshipped Trog.
Trog was greatly pleased with you.
You visited 1 branch of the dungeon, and saw 9 of its levels.

You collected 524 gold pieces.

Inventory:

Hand Weapons
 c - a +2 executioner's axe of electrocution (weapon)
Armour
 a - a +0 pair of boots (worn)
 j - a +0 hat (worn)
 n - a +1 pair of gloves (worn)
 w - a +0 chain mail (worn)
 A - a +0 cloak (worn)
Jewellery
 z - a ring of flight
 E - a +6 ring of dexterity
Wands
 y - a wand of paralysis (18)
 B - a wand of roots (12)
 D - a wand of polymorph (15)
Scrolls
 d - a scroll of acquirement
 f - 3 scrolls of teleportation
 g - 2 scrolls of amnesia
 h - a scroll of vulnerability
 i - a scroll of silence
 m - 4 scrolls of blinking
 t - 2 scrolls of fear
 C - a scroll of butterflies {unknown}
Potions
 b - 2 potions of haste
 e - a potion of magic
 k - 2 potions of brilliance
 l - a potion of flight
 o - a potion of berserk rage
 p - 5 potions of curing
 r - a potion of attraction {unknown}
 s - 5 potions of degeneration
 u - 4 potions of cancellation
 v - 2 potions of heal wounds
 x - 2 potions of ambrosia
Miscellaneous
 q - a piece from Xom's chessboard (15/15)


   Skills:
 + Level 8.7 Fighting
 + Level 12.3 Axes
 + Level 10.9 Armour
 + Level 4.6 Dodging
 + Level 1.9 Stealth


You had 9 spell levels left.
You didn't know any spells.
Your spell library was empty.

Dungeon Overview and Level Annotations

Branches:
Dungeon (9/15)             Temple (0/1) D:7
   Lair: D:8-11         Orc: D:9-12

Altars:
Cheibriados
Dithmenos
Gozag
Kikubaaqudgha
Okawaru
Qazlal
Ru
Sif Muna
Trog
Vehumet
Wu Jian
Yredelemnul

Annotations:
D:9 Blork the orc, Erica


Innate Abilities, Weirdness & Mutations

You have a pair of horns on your head.
You reflexively headbutt those who attack you in melee.


Message History

Things that are here:
a +0 falchion; a +0 chain mail; a +2 kite shield You slice the gnoll sergeant!!
You kill the gnoll sergeant!
Trog accepts your kill.
You closely miss something. You hit the wight but do no damage.
Something hits you.
* * * LOW HITPOINT WARNING * * *
Something burns you.
* * * LOW HITPOINT WARNING * * *
The wight hits you but does no damage.
Items here: ) [[ †.
You feel a strong urge to attack something.
The wight hits you but does no damage. The wight hits you but does no damage.
You feel your anger nearly subside.
You are no longer berserk.
You are exhausted.
You feel yourself slow down.
You hit the wight.
The wight is lightly damaged.
You slice something!! Something hits you but does no damage.
The wight hits you but does no damage. Something hits you!
* * * LOW HITPOINT WARNING * * *
Something burns you.
* * * LOW HITPOINT WARNING * * *
The wight hits you with a +0 falchion.
* * * LOW HITPOINT WARNING * * *
The wight blocks your attack.
You headbutt the wight.
The wight is moderately damaged.
You barely miss something. Something hits you but does no damage.
Blork the orc comes into view.
He is wielding a +0 hand axe.
The wight hits you but does no damage. Something hits you but does no damage.
The wight hits you with a +0 falchion!
* * * LOW HITPOINT WARNING * * *
Blork the orc points at you and mumbles some strange words.
The puff of flame hits something!
The wight blocks your attack.
The wight is moderately damaged.
You miss something. Something hits you.
You die...

#........#+##+###...#
#........# ...#
#........# ...#
#.......## . .#
#.......# ..
##....).# ...
#......# ....
####......# .....
.......@z)#......
........{).......
.................
.......###.......
.......#)#..#####
....... # ....
#####.. ..$.. ...
..o... .... ......


You could see Blork the orc and a wight.

Vanquished Creatures
  Gastronok (D:8)
  The ghost of bnorton916 the Thaumaturge, a novice DECj of Gozag (D:8)
  Joseph (D:7)
  Maggie (D:6)
  Grinder (D:6)
  Eustachio (D:9)
  2 wyverns (D:8)
  A steam dragon (D:6)
  A water moccasin (D:5)
  3 orc warriors
  Duvessa (D:5)
  2 black bears (D:7)
  An ogre (D:6)
  2 centaurs
  2 phantoms
  A kobold brigand (D:7)
  2 scorpions
  2 bullfrogs (D:6)
  2 gnoll sergeants
  A wight (D:9)
  Dowan (D:5)
  A crimson imp (D:4)
  3 quasits (D:8)
  3 hounds
  Crazy Yiuf (D:7)
  2 orc priests (D:6)
  4 jellies
  A gnoll bouda (D:5)
  A sleepcap (D:8)
  4 iguanas
  6 orc wizards
  9 gnolls
  2 adders (D:5)
  3 white imps
  A worm (D:2)
  3 dart slugs
  25 orcs
  6 ball pythons
  7 endoplasms
  5 giant cockroaches
  8 goblins
  2 hobgoblins (D:2)
  6 jackals
  6 kobolds
  5 quokkas
  7 bats
  2 frilled lizards (D:2)
  6 rats
159 creatures vanquished.

Notes
Turn   | Place    | Note
-------+----------+-------------------------------------------
     0 | D:1      | Wiggles the Minotaur Berserker began the quest for the Orb.
     0 | D:1      | Reached XP level 1. HP: 19/19 MP: 0/0
   107 | D:1      | Reached XP level 2. HP: 14/27 MP: 1/1
   203 | D:1      | Reached skill level 4 in Axes
   450 | D:1      | Reached ** piety under Trog
   451 | D:1      | Reached XP level 3. HP: 31/33 MP: 2/2
   987 | D:2      | Found a faded altar of an unknown god.
  1826 | D:3      | Reached XP level 4. HP: 39/41 MP: 3/3
  2327 | D:3      | Found an ornate altar of the Wu Jian Council.
  2671 | D:4      | Reached skill level 5 in Fighting
  2671 | D:4      | Reached skill level 5 in Axes
  2671 | D:4      | Reached XP level 5. HP: 27/48 MP: 4/4
  2793 | D:4      | Reached *** piety under Trog
  2928 | D:4      | Found a shadowy altar of Dithmenos.
  2931 | D:4      | You fall into a shaft and drop 1 floor!
  2931 | D:5      | Entered Level 5 of the Dungeon
  3121 | D:5      | Noticed a phantom
  3165 | D:5      | Killed a phantom
  3166 | D:5      | Reached XP level 6. HP: 47/56 MP: 5/5
  3269 | D:5      | Noticed Duvessa
  3269 | D:5      | Noticed Dowan
  3292 | D:5      | Reached skill level 5 in Armour
  3299 | D:5      | Killed Duvessa
  3300 | D:5      | Reached skill level 6 in Axes
  3304 | D:5      | Killed Dowan
  3305 | D:5      | Reached XP level 7. HP: 62/62 MP: 6/6
  4057 | D:5      | Reached skill level 7 in Axes
  4179 | D:5      | Found a basalt altar of Yredelemnul.
  4512 | D:6      | Found an iron altar of Okawaru.
  4617 | D:6      | Noticed a steam dragon
  4623 | D:6      | Killed a steam dragon
  4624 | D:6      | Reached XP level 8. HP: 70/70 MP: 7/7
  4935 | D:6      | Found a sacrificial altar of Ru.
  5111 | D:6      | Found an opulent altar of Gozag.
  5157 | D:6      | Reached skill level 8 in Axes
  5317 | D:6      | Found a stormy altar of Qazlal.
  5370 | D:6      | Noticed Maggie
  5371 | D:6      | Noticed Grinder
  5383 | D:6      | Killed Grinder
  5386 | D:6      | Killed Maggie
  5387 | D:6      | Reached skill level 9 in Axes
  5387 | D:6      | Reached skill level 1 in Stealth
  5614 | D:6      | Reached XP level 9. HP: 50/79 MP: 4/8
  6132 | D:7      | Found a runed translucent door.
  6133 | D:7      | Noticed Crazy Yiuf
  6139 | D:7      | Killed Crazy Yiuf
  6261 | D:7      | Found a radiant altar of Vehumet.
  6268 | D:7      | Found an ancient bone altar of Kikubaaqudgha.
  6275 | D:7      | Reached **** piety under Trog
  6279 | D:7      | Found a shimmering blue altar of Sif Muna.
  6381 | D:7      | Found a bloodstained altar of Trog.
  6813 | D:7      | Noticed Joseph
  6824 | D:7      | Killed Joseph
  6825 | D:7      | Reached skill level 10 in Axes
  6898 | D:7      | Found a staircase to the Ecumenical Temple.
  7026 | D:7      | Identified a scroll of acquirement
  7026 | D:7      | Acquired a +2 executioner's axe of electrocution
  7326 | D:8      | Reached skill level 10 in Armour
  7455 | D:8      | Noticed Gastronok
  7467 | D:8      | Killed Gastronok
  7468 | D:8      | Reached skill level 11 in Axes
  7468 | D:8      | Reached XP level 10. HP: 88/88 MP: 9/9
  7573 | D:8      | Noticed bnorton916's ghost (novice DECj)
  7574 | D:8      | Found a transporter.
  7633 | D:8      | Found a snail-covered altar of Cheibriados.
  7708 | D:8      | Found a transporter.
  7945 | D:8      | Killed bnorton916's ghost
  7946 | D:8      | Reached skill level 12 in Axes
  8014 | D:9      | Noticed Eustachio
  8019 | D:9      | Killed Eustachio
  8027 | D:9      | Noticed Erica
  8043 | D:9      | Noticed Blork the orc
  8043 | D:9      | HP: 3/90 [wight/+0 falchion (8)]
  8044 | D:9      | Slain by Erica

Illustrated notes

Levels and vault maps discovered:
D:1:      giann_horns, layout_loops_cross, minmay_misc_feat_ornament
D:2:      minmay_evil_eye, layout_loops_corners,
          dreamdust_ecumenical_altar_angels_and_demons
D:3:      layout_basic, nicolae_wu_jian_glorious_leap,
          chequers_decorated_corner, feat_on_display
D:4:      layout_basic, mainiacjoe_overflow_boulevard, minmay_fire_ice_demons
D:5:      layout_loops_corners, lemuel_coloured_pillars_altar, uniq_duvessa
D:6:      layout_loops_corners, lemuel_tele_altar, okawaru_ov_weapons_minmay,
          nicolae_gozag_seed_capital, nicolae_ru_awakened_eye,
          chequers_serial_rivers_micro_a, uniq_grinder, uniq_maggie
D:7:      layout_loops_ring, palyth_temple_overflow_mages, trog_ov_bears_minmay,
          minmay_temple_entry_glassed_door, uniq_crazy_yiuf_cottage, uniq_joseph
D:8:      layout_loops_ring, general_overflow_altar, gammafunk_ghost_stat_death,
          minmay_strange_pillars, hellmonk_bongcloud_opening, uniq_gastronok
D:9:      layout_irregular_city, good_gods_mini_temple, david_orc_3,
          sword_in_stone, uniq_erica

Skill      XL: |  1  2  3  4  5  6  7  8  9 10 |
---------------+-------------------------------+-----
Fighting       | 4 5 6 7 8 |  8.7
Axes           | 4 5 6 7 9 11 12 | 12.3
Armour         | 3 4 5 6 8 10 | 10.9
Dodging        | 3 4 |  4.6
Stealth        | 1 |  1.9

Action                     |  1- 3 |  4- 6 |  7- 9 | 10-12 || total
---------------------------+-------+-------+-------+-------++-------
  Melee: Hand axe          |    89 |    89 |   169 |       ||   347
         Headbutt          |    10 |    20 |    54 |     4 ||    88
         Punch             |       |     1 |       |       ||     1
         Executioner's axe |       |       |    14 |    34 ||    48
 Invoke: Berserk           |       |     3 |     7 |     2 ||    12
    Use: Scroll            |       |       |    21 |       ||    21
 Armour: Animal skin       |     8 |       |       |       ||     8
         Scale mail        |    14 |    33 |     2 |       ||    49
         Chain mail        |       |       |    75 |    50 ||   125
  Dodge: Dodged            |    53 |    60 |    77 |    39 ||   229
